 Dungeon Crawl Stone Soup version 0.26.1-11-gd32895ea62 (webtiles) character file.

Game seed: 660365056577663415

3306 vvl the Transmogrifier (level 10, -3/71 HPs)
             Began as a Merfolk Transmuter on June 7, 2021.
             Was an Initiate of Makhleb.
             Slain by a vampire mosquito (4 damage)
             ... on level 8 of the Dungeon.
             The game lasted 00:25:35 (9608 turns).

vvl the Transmogrifier (Merfolk Transmuter)         Turns: 9608, Time: 00:25:39

Health: -3/71      AC:  2    Str: 13    XL:     10   Next: 1%
Magic:  12/16      EV: 16    Int: 12    God:    Makhleb [......]
Gold:   493        SH:  0    Dex: 16    Spells: 8/17 levels left

rFire    . . .     SeeInvis .     - Unarmed
rCold    . . .     Faith    .   (shield currently unavailable)
rNeg     . . .     Spirit   .   a - +0 robe
rPois    .         Reflect  .   (no helmet)
rElec    .         Harm     .   (no cloak)
rCorr    .         Rampage  .   (gloves currently unavailable)
Will     .....                  (no boots)
Stlth    +.........             (no amulet)
HPRegen  0.21/turn              k - ring of wizardry
MPRegen  0.15/turn              (no ring)

@: blade hands (expiring)
A: change form in water, swift swim, stealthy swim
a: End Transformation, Renounce Religion


You were on level 8 of the Dungeon.
You worshipped Makhleb.
Makhleb was noncommittal.
You had blades for hands.
You visited 2 branches of the dungeon, and saw 9 of its levels.

You collected 493 gold pieces.

Inventory:

Hand Weapons
 t - the +4 flail "Aso Cuon" {venom, +Blink}
   (You found it on level 5 of the Dungeon)

   It poisons the flesh of those it strikes.
   It lets you blink.
 F - the +5 falchion "Cucsetoy" {pain, Str+2}
   (You found it on level 7 of the Dungeon)

   In the hands of one skilled in necromantic magic, it inflicts extra damage on
   living creatures.
   It affects your strength (+2).
Armour
 a - a +0 robe (worn)
 l - a +0 pair of gloves (melded)
Jewellery
 k - a ring of wizardry (left scythe-like blade)
 o - an uncursed ring of ice
 y - an uncursed ring of protection from fire {unknown}
 E - an uncursed ring of resist corrosion {unknown}
Wands
 s - a wand of polymorph (7)
 B - a wand of iceblast (6)
Scrolls
 b - 3 scrolls of remove curse {unknown}
 e - 11 scrolls of identify {unknown}
 h - 3 scrolls of blinking {unknown}
 j - 2 scrolls of random uselessness {unknown}
 m - 2 scrolls of enchant armour {unknown}
 u - a scroll of magic mapping {unknown}
 w - a scroll of fog {unknown}
 x - 2 scrolls of teleportation {unknown}
 z - 5 scrolls of amnesia {unknown}
 A - a scroll of fear {unknown}
 C - a scroll of noise {unknown}
 D - a scroll of vulnerability {unknown}
Potions
 c - a potion of degeneration {unknown}
 d - 3 potions of flight {unknown}
 f - a potion of resistance
 g - 7 potions of curing
 i - 2 potions of haste {unknown}
 n - 3 potions of lignification {unknown}
 p - a potion of ambrosia {unknown}
 q - a potion of heal wounds {unknown}
 r - a potion of cancellation {unknown}
 v - a potion of attraction {unknown}


   Skills:
 + Level 4.0 Fighting
 + Level 0.7 Long Blades
 + Level 6.5 Dodging
 + Level 0.6 Shields
 * Level 7.9 Unarmed Combat
 + Level 4.1 Spellcasting
 + Level 0.4 Necromancy
 * Level 11.4 Transmutations
 - Level 4.0 Poison Magic
 + Level 1.0 Invocations


You had 8 spell levels left.
You knew the following spells:

 Your Spells              Type           Power        Failure   Level
a - Beastly Appendage     Tmut           58%          3%          1
b - Spider Form           Tmut/Pois      10%          10%         3
c - Blade Hands           Tmut           14%          14%         5

Your spell library contained the following spells:

 Spells                   Type           Power        Failure   Level
 Wereblood                Tmut           29%          4%          2
 Ice Form                 Ice/Tmut       16%          32%         4


Dungeon Overview and Level Annotations

Branches:
Dungeon (8/15)             Temple (1/1) D:7
   Lair: D:8-11

Altars:
Ashenzari
Cheibriados
Dithmenos
Elyvilon
Fedhas
Gozag
Hepliaklqana
Kikubaaqudgha
Makhleb
Nemelex Xobeh
Okawaru
Qazlal
Ru
Sif Muna
Trog
Uskayaw
Vehumet
Wu Jian
Xom
Yredelemnul
Zin
The Shining One


Message History

Your Invocations skill increases to level 1!
You have reached level 10!
You feel agile.
You barely miss the orc wizard.
The ogre shouts!
The vampire mosquito bites you!
* * * LOW HITPOINT WARNING * * *
The vampire mosquito draws strength from your injuries!
The orc wizard hits you with a +0 dagger.
* * * LOW HITPOINT WARNING * * *
You barely miss the orc wizard.
The vampire mosquito closely misses you.
The vampire mosquito misses you.
You hit the orc wizard.
The orc wizard is lightly wounded.
The vampire mosquito completely misses you.
The orc wizard hits you with a +0 dagger.
* * * LOW HITPOINT WARNING * * *
The vampire mosquito bites you.
You die...

.... o. ######.... .o.
..#).....O.
..##.#......# ...
....#......##
#..###..#....... .
...#....##.#o.y.#....
........##..o@†......
#........#...##......
##...........##......
#.##...................}
..............#....#####
......................
..................#..
#................# .
#......###.#.....#


You could see a vampire mosquito, an ogre, an orc wizard and an orc.

Vanquished Creatures
  Pikel (D:6)
  The ghost of mankey1987 the Shield-Bearer, a novice FoFi (D:4)
  Grinder (D:4)
  Prince Ribbit (D:7)
  Sigmund (D:3)
  A basilisk (shapeshifter) (D:8)
  Menkaure (D:7)
  Duvessa (D:5)
  A black bear (D:7)
  An ice beast (D:6)
  2 orc warriors (D:7)
  A phantom (D:8)
  A lemure (D:6)
  2 bullfrogs
  Blork the orc (D:6)
  Dowan (D:5)
  A water moccasin skeleton (D:5)
  2 scorpions (D:6)
  A howler monkey (D:4)
  A bullfrog zombie (D:8)
  2 hounds
  3 orc priests
  3 orc wizards (D:7)
  Jessica (D:3)
  A bullfrog skeleton (D:3)
  An iguana (D:5)
  7 worker ants
  9 adders
  4 gnolls (D:4)
  A shadow imp (D:7)
  7 leopard geckos
  13 orcs
  5 bats
  9 giant cockroaches
  8 goblins
  4 hobgoblins
  25 jackals
  5 quokkas
  6 frilled lizards
  9 kobolds
  A leopard gecko zombie (D:6)
  8 rats
155 creatures vanquished.

Vanquished Creatures (others)
  A kobold (D:2)
1 creature vanquished.

Grand Total: 156 creatures vanquished

Notes
Turn   | Place    | Note
-------+----------+-------------------------------------------
     0 | D:1      | vvl the Merfolk Transmuter began the quest for the Orb.
     0 | D:1      | Reached XP level 1. HP: 15/15 MP: 3/3
    69 | D:1      | Reached skill level 3 in Transmutations
   152 | D:1      | Reached XP level 2. HP: 10/21 MP: 3/5
   865 | D:1      | Reached skill level 1 in Poison Magic
   895 | D:1      | Reached skill level 4 in Transmutations
  1370 | D:2      | Reached XP level 3. HP: 25/26 MP: 6/6
  2039 | D:2      | Found a white marble altar of Elyvilon.
  2351 | D:3      | Noticed Sigmund
  2414 | D:2      | Learned a level 3 spell: Spider Form
  2664 | D:3      | Killed Sigmund
  2665 | D:3      | Reached skill level 6 in Transmutations
  2665 | D:3      | Reached XP level 4. HP: 11/32 MP: 4/7
  2665 | D:3      | Reached XP level 5. HP: 13/37 MP: 4/8
  2931 | D:3      | Reached XP level 6. HP: 43/43 MP: 5/9
  3267 | D:3      | Reached skill level 7 in Transmutations
  3403 | D:3      | Noticed Jessica
  3417 | D:3      | Killed Jessica
  4348 | D:4      | Found a runed translucent door.
  4348 | D:4      | Noticed mankey1987's ghost (novice FoFi)
  4391 | D:4      | Reached skill level 8 in Transmutations
  4391 | D:4      | Reached XP level 7. HP: 36/48 MP: 6/10
  4840 | D:4      | Noticed Grinder
  4846 | D:4      | Paralysed by Grinder for 2 turns
  4852 | D:4      | Paralysed by Grinder for 4 turns
  4865 | D:4      | Killed Grinder
  4866 | D:4      | Reached skill level 9 in Transmutations
  5303 | D:4      | Learned a level 5 spell: Blade Hands
  5308 | D:4      | Killed mankey1987's ghost
  5309 | D:4      | Reached skill level 5 in Unarmed Combat
  5309 | D:4      | Reached XP level 8. HP: 54/54 MP: 5/11
  5391 | D:5      | Entered Level 5 of the Dungeon
  5567 | D:5      | Noticed Duvessa
  5567 | D:5      | Noticed Dowan
  5574 | D:5      | Killed Duvessa
  5597 | D:5      | Killed Dowan
  5598 | D:5      | Reached skill level 10 in Transmutations
  5610 | D:5      | Got a translucent flail
  6045 | D:5      | Found an ornate altar of the Wu Jian Council.
  6523 | D:6      | Noticed Blork the orc
  6530 | D:6      | Killed Blork the orc
  7401 | D:6      | Noticed Pikel
  7415 | D:6      | Killed Pikel
  7416 | D:6      | Reached skill level 5 in Dodging
  7416 | D:6      | Reached XP level 9. HP: 57/62 MP: 2/13
  8155 | D:7      | Reached skill level 11 in Transmutations
  8289 | D:7      | Found an iron altar of Okawaru.
  8442 | D:7      | Noticed Prince Ribbit
  8463 | D:7      | Killed Prince Ribbit
  8525 | D:7      | Found a staircase to the Ecumenical Temple.
  8551 | Temple   | Entered the Ecumenical Temple
  9000 | D:7      | Noticed Menkaure
  9016 | D:7      | Killed Menkaure
  9274 | D:7      | Found a burning altar of Makhleb.
  9329 | D:7      | Became a worshipper of Makhleb the Destroyer
  9476 | D:7      | Got a crude falchion
  9497 | D:7      | Identified the +5 falchion "Cucsetoy" {pain, Str+2} (You
                  | found it on level 7 of the Dungeon)
  9498 | D:7      | Identified the +4 flail "Aso Cuon" {venom, +Blink} (You
                  | found it on level 5 of the Dungeon)
  9606 | D:8      | Reached skill level 1 in Invocations
  9606 | D:8      | Reached XP level 10. HP: 17/71 MP: 11/16
  9606 | D:8      | HP: 3/71 [orc wizard/+0 dagger (5)]
  9608 | D:8      | HP: 1/71 [orc wizard/+0 dagger (3)]
  9608 | D:8      | Slain by a vampire mosquito

Illustrated notes

Levels and vault maps discovered:
D:1:      erik_arrival_cave_to_civilisation [erik_arrival_cave_to_hall],
          layout_basic
D:2:      layout_rooms, elyvilon_altar_4
D:3:      layout_loops_ring, uniq_sigmund, uniq_jessica
D:4:      layout_cave_pools, nicolae_ossuary_entry_plus,
          hellmonk_ghost_happy_afterlife, uniq_grinder
D:5:      layout_basic, basic_altar, uniq_duvessa
D:6:      layout_basic, uniq_pikel, uniq_blork_the_orc
D:7:      layout_cave_pools, old_standard_altar, minmay_temple_entry_slanted,
          basic_altar, uniq_prince_ribbit1, uniq_menkaure
D:8:      minmay_cut_squares, layout_cave_pools, serial_shops,
          nicolae_shop_crystal, kb_lookout_dungeons_type
Temple:   roderic_octagonal_lattice_temple

Skill      XL: |  1  2  3  4  5  6  7  8  9 |
---------------+----------------------------+-----
Transmutations | 3 4 6 8 9 10 11 | 11.4
Poison Magic   | 1 3 4 |  4.0
Unarmed Combat | 5 7 |  7.9
Dodging        | 5 6 |  6.5
Fighting       | 2 4 |  4.0
Spellcasting   | 3 4 |  4.1
Invocations    | 1 |  1.0
Long Blades    | |  0.7
Shields        | |  0.6
Necromancy     | |  0.4

Action                   |  1- 3 |  4- 6 |  7- 9 | 10-12 || total
-------------------------+-------+-------+-------+-------++-------
Melee: Unarmed           |   100 |   159 |   184 |     3 ||   446
       Headbutt          |     9 |       |     1 |       ||    10
       Punch             |       |       |     4 |       ||     4
 Cast: Beastly Appendage |    28 |       |     5 |       ||    33
       Spider Form       |     2 |    25 |     8 |       ||    35
       Blade Hands       |       |       |    27 |       ||    27
  Use: Potion            |     1 |       |       |       ||     1
 Stab: Sleeping          |     2 |     1 |     2 |       ||     5
Armor: Robe              |     5 |     4 |     6 |       ||    15
       Skin              |       |     9 |     1 |       ||    10
Dodge: Dodged            |    69 |   185 |   127 |     3 ||   384
